 Dungeon Crawl Stone Soup version 0.21.1-1-g345015fe64 (webtiles) character file.

1162 RepoMan the Insei (level 8, -3/66 HPs)
             Began as a Purple Draconian Transmuter on July 7, 2018.
             Slain by an ice beast (14 damage)
             ... on level 4 of the Dungeon.
             The game lasted 00:24:53 (4598 turns).

RepoMan the Insei (Purple Draconian Transmuter)     Turns: 4598, Time: 00:24:54

Health: -3/66      AC:  2    Str: 13    XL:     8   Next: 17%
Magic:  7/15       EV: 21    Int: 14    God:
Gold:   322        SH:  0    Dex: 18    Spells: 10/16 levels left

rFire    . . .     SeeInvis .     - Unarmed
rCold    . . .     Gourm    .   (shield currently unavailable)
rNeg     . . .     Faith    .   (armour unavailable)
rPois    x         Spirit   .   (helmet currently unavailable)
rElec    .         Reflect  .   (cloak currently unavailable)
rCorr    .         Harm     .   (gloves currently unavailable)
MR       +....                  (boots currently unavailable)
Stlth    ++........             (no amulet)
HPRegen  0.21/turn              (no ring)
MPRegen  0.14/turn              (no ring)

@: spider-form
A: tiny, (breathe power), unfitting armour, AC +6
a: End Transformation


You were on level 4 of the Dungeon.
You were hungry.
You were a venomous arachnid creature.
You visited 1 branch of the dungeon, and saw 5 of its levels.

You collected 322 gold pieces.

Inventory:

Armour
 m - a +0 pair of gloves (melded)
Jewellery
 q - an uncursed ring of stealth {unknown}
Scrolls
 d - a scroll of amnesia {unknown}
 g - 3 scrolls of teleportation {unknown}
 h - 3 scrolls of identify {unknown}
 k - 4 scrolls of fog {unknown}
 n - 2 scrolls of immolation {unknown}
 o - a scroll of noise {unknown}
 r - a scroll of remove curse {unknown}
Potions
 e - 3 potions of might {unknown}
 f - 2 potions of agility {unknown}
 i - 3 potions of curing {unknown}
 j - a potion of lignification {unknown}
 l - a potion of heal wounds
Books
 b - a book of Changes

   Spells                             Type                      Level
   a - Beastly Appendage              Transmutation                1
   b - Sticks to Snakes               Transmutation                2
   c - Spider Form                    Transmutation/Poison         3
   d - Ice Form                       Ice/Transmutation            4
   e - Blade Hands                    Transmutation                5
Comestibles
 c - 10 rations
 p - 4 chunks of flesh


   Skills:
 + Level 4.0 Fighting
 + Level 3.3 Dodging
 * Level 6.0 Unarmed Combat
 + Level 4.6 Spellcasting
 * Level 5.7 Transmutations


You had 10 spell levels left.
You knew the following spells:

 Your Spells              Type           Power        Failure   Level  Hunger
a - Beastly Appendage     Tmut           ###...       7%          1    None
c - Spider Form           Tmut/Pois      ##........   36%         3    ###....
t - Sticks to Snakes      Tmut           ###.....     10%         2    ##.....


Dungeon Overview and Level Annotations

Branches:
Dungeon (5/15)
 Temple: D:4-7

Altars:
Uskayaw

Shops:
D:4 (

Annotations:
D:5 Sigmund


Innate Abilities, Weirdness & Mutations

((You can breathe bolts of dispelling energy.))
((Your rich purple scales are hard. (AC +6)))
You cannot fit into any form of body armour.
((You are cold-blooded and may be slowed by cold attacks.))


Message History

You hit the ice beast but do no damage.
The ice beast is heavily wounded.
The ice beast completely misses you.
You hit the ice beast but do no damage.
The ice beast is heavily wounded.
Your ball python withers and dies!
The ice beast hits you. The ice beast freezes you!
* * * LOW HITPOINT WARNING * * *
You completely miss the ice beast.
The ice beast is heavily wounded.
The ice beast misses you.
You hit the ice beast but do no damage.
The ice beast is heavily wounded.
Unknown command.
You bite the ice beast!
The ice beast is severely wounded.
The ice beast hits you.
* * * LOW HITPOINT WARNING * * *
The ice beast freezes you!
You die...

#.##..######.# #...###
#.##......##.# #...#..
#.####.##....# #.....# #.#
#.####..# #######.(...# #.#
#.# #..## #........#..# #.#
##.####...## #.#####..##(.
#.# #....##.#.>#
#.#####...##. #.#
#....##.##Y#####............
#.#
#....##....s......####....##
#.# #.......###.#######
##.#.# #.# #....##.# ###
#.#.## #.###....#..# #.#)..
#...#....#.## #.....
###.######.# #.....
#.######.#
#############.....
#....)[..#
#..........##.....
##.....####
#.................


You could see an ice beast.

Vanquished Creatures
  Grinder (D:3)
  An orc warrior (D:5)
  An ogre (D:4)
  2 gnoll sergeants
  A wight (D:5)
  A howler monkey (D:5)
  2 hounds
  2 orc priests
  5 orc wizards
  3 worker ants
  5 gnolls
  6 adders
  An ooze (D:2)
  3 worms
  A dart slug (D:2)
  2 leopard geckos
  15 orcs
  5 giant cockroaches
  9 goblins
  11 hobgoblins
  11 jackals
  2 quokkas
  3 ball pythons
  A ball python skeleton (D:4)
  5 bats
  6 frilled lizards
  6 kobolds
  A leopard gecko skeleton (D:4)
  7 rats
119 creatures vanquished.

Vanquished Creatures (collateral kills)
  Jessica (D:3)
  An orc wizard (D:2)
  A worker ant (D:2)
  4 adders
  A leopard gecko (D:2)
  An orc (D:2)
  A jackal (D:1)
  2 rats (D:3)
12 creatures vanquished.

Grand Total: 131 creatures vanquished

Notes
Turn   | Place    | Note
-------+----------+-------------------------------------------
     0 | D:1      | RepoMan the Draconian Transmuter began the quest for the Orb.
     0 | D:1      | Reached XP level 1. HP: 16/16 MP: 3/3
   263 | D:1      | Reached XP level 2. HP: 5/23 MP: 3/5
   267 | D:1      | Learned a level 2 spell: Sticks to Snakes
  1009 | D:1      | Reached XP level 3. HP: 26/28 MP: 6/6
  1043 | D:1      | Learned a level 3 spell: Spider Form
  1489 | D:2      | Reached XP level 4. HP: 29/36 MP: 1/7
  1656 | D:2      | Reached skill level 4 in Unarmed Combat
  1801 | D:2      | Reached XP level 5. HP: 30/41 MP: 6/8
  1838 | D:2      | Found a hide-covered altar of Uskayaw.
  2222 | D:3      | Noticed Grinder
  2236 | D:3      | Killed Grinder
  2236 | D:3      | Reached XP level 6. HP: 47/50 MP: 3/10
  2300 | D:3      | Noticed Jessica
  2308 | D:3      | Killed Jessica
  3205 | D:4      | Reached skill level 5 in Unarmed Combat
  3205 | D:4      | Your scales start taking on a rich purple colour.
  3205 | D:4      | Reached XP level 7. HP: 25/57 MP: 3/12
  3400 | D:4      | Got a shimmering battleaxe {holy}
  3707 | D:4      | Found Wopuv's Weapon Shoppe.
  3845 | D:5      | Entered Level 5 of the Dungeon
  3853 | D:5      | Reached skill level 5 in Transmutations
  4215 | D:4      | Reached XP level 8. HP: 51/66 MP: 8/14
  4378 | D:5      | Reached skill level 6 in Unarmed Combat
  4477 | D:5      | Noticed Sigmund
  4598 | D:4      | Slain by an ice beast

Skill      XL: |  1  2  3  4  5  6  7  8 |
---------------+-------------------------+-----
Transmutations | 3 4 5 |  5.7
Fighting       | 2 3 4 |  4.0
Unarmed Combat | 4 5 6 |  6.0
Dodging        | 2 3 |  3.3
Spellcasting   | 3 4 |  4.6

Action                   |  1- 3 |  4- 6 |  7- 9 || total
-------------------------+-------+-------+-------++-------
Melee: Unarmed           |   146 |   145 |   129 ||   420
       Tailslap          |    12 |    15 |     5 ||    32
       Kick              |    19 |    15 |     5 ||    39
       Headbutt          |     6 |     8 |     5 ||    19
       Punch             |     2 |     1 |     1 ||     4
 Cast: Beastly Appendage |    14 |    21 |    10 ||    45
       Sticks to Snakes  |     6 |    10 |    13 ||    29
       Spider Form       |     1 |     3 |    10 ||    14
 Abil: Breathe Dispellin |       |       |     8 ||     8
  Use: Potion            |     1 |       |       ||     1
 Stab: Distracted        |       |     1 |       ||     1
  Eat: Chunk             |     3 |     7 |     7 ||    17
Armor: Skin              |    50 |    32 |    15 ||    97
Dodge: Dodged            |    98 |    87 |   105 ||   290
